 Dungeon Crawl Stone Soup version 0.27.1 (webtiles) character file.

Game seed: 5191001973885966786

44 Mesmaeker13 the Grasshopper (level 3, -4/30 HPs)
             Began as a Ghoul Warper on Aug 22, 2021.
             Killed from afar by an orc wizard (9 damage)
             ... with a puff of flame
             ... on level 2 of the Dungeon.
             The game lasted 00:02:55 (3292 turns).

Mesmaeker13 the Grasshopper (Ghoul Warper)          Turns: 3292, Time: 00:02:56

Health: -4/30      AC:  4    Str: 13 (14) XL:     3   Next: 60%
Magic:  4/4        EV: 11    Int:  8 (9)  God:
Gold:   51         SH:  0    Dex:  6 (8)  Spells: 5/5 levels left

rFire    . . .     SeeInvis .     - Unarmed
rCold    + . .     Faith    .   (no shield)
rNeg     + + +     Spirit   .   a - +0 leather armour
rPois    ∞         Reflect  .   (no helmet)
rElec    .         Harm     .   (no cloak)
rCorr    .         Rampage  .   g - +0 pair of gloves
Will     .....                  (no boots)
Stlth    +.........             (no amulet)
HPRegen  0.00/turn              (no ring)
MPRegen  0.09/turn              (no ring)

@: inhibited regen
A: claws 1, cold resistance 1, negative energy resistance 3, inhibited
regeneration, torment resistance 2
a: no special abilities


You were on level 2 of the Dungeon.
You visited 1 branch of the dungeon, and saw 3 of its levels.

You collected 51 gold pieces.

Inventory:

Missiles
 c - 5 boomerangs of dispersal (quivered)
Armour
 a - a +0 leather armour (worn)
 g - a +0 pair of gloves (worn)
 p - a +0 ring mail
Scrolls
 b - a scroll of blinking
 d - a scroll of teleportation
 f - 2 scrolls of magic mapping {unknown}
 i - a scroll of enchant weapon {unknown}
 j - a scroll of silence {unknown}
 m - a scroll of vulnerability {unknown}
 n - a scroll of torment {unknown}
 o - a scroll of immolation {unknown}
Potions
 e - 2 potions of heal wounds
 h - a potion of attraction {unknown}
 k - a potion of brilliance {unknown}
 l - a potion of curing {unknown}
 q - a potion of might {unknown}


   Skills:
 + Level 2.8 Fighting
 - Level 0.8 Throwing
 - Level 0.8 Armour
 + Level 2.2 Dodging
 + Level 2.8 Unarmed Combat
 - Level 1.7 Spellcasting
 + Level 3.1 Translocations


You had 5 spell levels left.
You didn't know any spells.
Your spell library contained the following spells:

 Spells                   Type           Power      Damage    Failure   Level
 Blink                    Tloc           N/A        N/A       21%         2
 Gell's Gravitas          Tloc           2%         N/A       36%         3
 Lesser Beckoning         Tloc           2%         N/A       36%         3
 Teleport Other           Tloc           5%         N/A       36%         3
 Corona                   Hex            0%         N/A       43%         1
 Ensorcelled Hibernation  Hex/Ice        0%         N/A       56%         2
 Ozocubu's Armour         Ice            0%         N/A       80%         3
 Tukima's Dance           Hex            0%         N/A       80%         3
 Manifold Assault         Tloc           5%         N/A       98%         5
 Ozocubu's Refrigeration  Ice            0%         4d5       100%        7


Dungeon Overview and Level Annotations

Branches:
Dungeon (3/15)

Altars:
Vehumet

Shops:
D:1 (


Innate Abilities, Weirdness & Mutations

You thrive by killing the living.
You are immune to poison.
You have sharp fingernails.
Your flesh is cold resistant. (rC+)
You are immune to negative energy. (rN+++)
You do not regenerate when monsters are visible.
You are immune to unholy pain and torment.


Message History

You hit the orc wizard.
The orc wizard is moderately wounded.
The orc wizard casts a spell at you.
You are more confused.
You miss the orc wizard.
The orc wizard is moderately wounded.
The orc wizard hits you but does no damage.
You bump into the rock wall.
The orc wizard closely misses you.
You hit the orc wizard but do no damage.
The orc wizard is moderately wounded.
The orc wizard mumbles some strange words.
The orc wizard flickers and vanishes!
Deactivating autopickup; reactivate with Ctrl-A.
You're too confused to move!
Something hits you.
You miss something. Something hits you.
You bump into the rock wall.
Something hits you but does no damage.
You barely miss something. Something hits you.
Unknown command.
Unknown command.
You feel less confused.
You hear some strange, mumbled words.
A puff of flame appears from out of thin air!
The puff of flame hits you!
A magic dart appears from out of thin air!
The magic dart hits you.
A magic dart appears from out of thin air!
The magic dart hits you.
* * * LOW HITPOINT WARNING * * *
An orc wizard appears from thin air!
Reactivating autopickup.
The orc wizard gestures at you while chanting.
The magic dart hits you.
* * * LOW HITPOINT WARNING * * *
The orc wizard gestures wildly while chanting.
The orc wizard flickers and vanishes!
Deactivating autopickup; reactivate with Ctrl-A.
You hear some strange, mumbled words.
A puff of flame appears from out of thin air!
The puff of flame hits you!
You die...

### ####################
#.########......@{..........#
.#.........################.##
#.########## #.........####
#.# #.######......
#.########## #.# ##.####
...........# #.# #.....
..########.# #.# ###### ..#
#># #.# ..########.####### #.#


There were no monsters in sight!

Vanquished Creatures
  An adder (D:3)
  2 orcs
  An endoplasm (D:2)
  A goblin (D:1)
  7 jackals
  A kobold (D:2)
  3 quokkas
  4 ball pythons
  3 bats
  3 frilled lizards
  4 rats
30 creatures vanquished.

Vanquished Creatures (others)
  A plant (D:1)
  4 toadstools (D:3)
5 creatures vanquished.

Grand Total: 35 creatures vanquished

Notes
Turn   | Place    | Note
-------+----------+-------------------------------------------
     0 | D:1      | Mesmaeker13 the Ghoul Warper began the quest for the Orb.
     0 | D:1      | Reached XP level 1. HP: 17/17 MP: 2/2
    41 | D:1      | Found Wigy's Weapon Shoppe.
   408 | D:1      | Reached XP level 2. HP: 25/25 MP: 3/3
   507 | D:1      | Found a faded altar of an unknown god.
   845 | D:2      | Found a radiant altar of Vehumet.
  1312 | D:2      | Reached skill level 3 in Translocations
  1358 | D:2      | Reached XP level 3. HP: 16/30 MP: 4/4
  3292 | D:2      | Killed from afar by an orc wizard

Illustrated notes

Levels and vault maps discovered:
D:1:      evilmike_arrival_fibonacci_small, layout_rooms,
          shapermc_ecumenical_altar_acropolis, serial_shops, shop
D:2:      layout_loops_ring, basic_altar
D:3:      layout_basic, minivault_11, minmay_gold_behind_fungi

Skill      XL: |  1  2 |
---------------+-------+-----
Dodging        | 2 |  2.2
Translocations | 3 |  3.1
Fighting       | |  2.8
Throwing       | |  0.8
Armour         | |  0.8
Unarmed Combat | |  2.8
Spellcasting   | |  1.7

Action                   || total
-------------------------++-------
Melee: Unarmed           ||   201
       Punch             ||     1
  Use: Scroll            ||     1
       Potion            ||     2
Armor: Leather armour    ||    63
Dodge: Dodged            ||   108
